 Dungeon Crawl Stone Soup version 0.25.0-65-g31bcc41 (webtiles) character file.

262 Mopster the Skirmisher (level 5, -2/50 HPs)
             Began as a Minotaur Berserker on Oct 22, 2020.
             Was a Believer of Trog.
             Slain by a troll (13 damage)
             ... on level 2 of the Dungeon.
             The game lasted 00:01:59 (844 turns).

Mopster the Skirmisher (Minotaur Berserker)          Turns: 844, Time: 00:02:00

Health: -2/50      AC:  5    Str: 23    XL:     5   Next: 97%
Magic:  4/4        EV: 12    Int:  4    God:    Trog [**....]
Gold:   164        SH:  0    Dex:  9    Spells: 4/4 levels left

rFire    . . .     SeeInvis .   a - +1 hand axe
rCold    . . .     Gourm    .   (no shield)
rNeg     . . .     Faith    .   n - +0 ring mail
rPois    .         Spirit   .   (helmet restricted)
rElec    .         Reflect  .   (no cloak)
rCorr    .         Harm     .   (no gloves)
MR       .....                  (no boots)
Stlth    ..........             (no amulet)
HPRegen  0.16/turn              (no ring)
MPRegen  0.09/turn              (no ring)

@: no status effects
A: retaliatory headbutt, horns 2
a: Berserk, Trog's Hand, Renounce Religion


You were on level 2 of the Dungeon.
You worshipped Trog.
Trog was pleased with you.
You were not hungry.

You visited 1 branch of the dungeon, and saw 2 of its levels.

You collected 164 gold pieces.

Inventory:

Hand Weapons
 a - a +1 hand axe (weapon)
 e - a +0 hand axe
Armour
 b - a +0 animal skin
 n - a +0 ring mail (worn)
Scrolls
 h - a scroll of remove curse
 j - a scroll of identify
 k - a scroll of teleportation
 o - 2 scrolls of immolation {unknown}
Potions
 d - 2 potions of curing {unknown}
 f - 2 potions of agility {unknown}
 g - a potion of cancellation {unknown}
 i - 2 potions of degeneration {unknown}
 l - 2 potions of flight {unknown}
 m - a potion of brilliance {unknown}
Comestibles
 c - 3 rations
 p - 5 chunks of flesh


   Skills:
 + Level 5.8 Fighting
 + Level 5.7 Axes
 + Level 3.3 Armour
 + Level 3.0 Dodging
 + Level 0.2 Stealth


You had 4 spell levels left.
You didn't know any spells.
Your spell library was empty.

Dungeon Overview and Level Annotations

Branches:
Dungeon (2/3)              Temple (0/1) D:1
  Swamp: D:2-3       Shoals: D:2-3        Snake: D:2-3       Spider: D:2-3
  Slime: D:2-3          Orc: D:2         Vaults: D:2-3

Altars:
Uskayaw


Innate Abilities, Weirdness & Mutations

You reflexively headbutt those who attack you in melee.
You have a pair of horns on your head.


Message History

You recover from your berserk rage.
You see here a whip.
There is a stone staircase leading down here.
You climb downwards.
A jelly and a troll come into view.
The jelly quivers.
The troll shouts!
Found five items.
Found a stone staircase leading down.
There is a stone staircase leading up here.
The troll bites you but does no damage. The troll closely misses you.
The troll misses you.
You slash the troll!
The troll is lightly wounded.
The troll bites you! The troll claws you! The troll claws you.
Your ring mail prevents you from hitting the troll.
The troll is lightly wounded.
The troll bites you!
* * * LOW HITPOINT WARNING * * *
The troll barely misses you. The troll claws you!
You die...

........#
..:.....#####
...:.....>..#
............#
#...$.......###
###..J%.......#
....[...T......
#....@....#
#....<....#
###########


You could see a troll and a jelly.

Vanquished Creatures
  An orc wizard (D:1)
  An adder (D:1)
  An adder zombie (D:1)
  2 leopard geckos (D:1)
  3 orcs (D:1)
8 creatures vanquished.

Notes
Turn   | Place    | Note
-------+----------+-------------------------------------------
     0 | D:1      | Mopster the Minotaur Berserker began the quest for the Orb.
     0 | D:1      | Reached XP level 1. HP: 19/19 MP: 0/0
    28 | D:1      | Reached XP level 2. HP: 15/27 MP: 1/1
   242 | D:1      | Found a hide-covered altar of Uskayaw.
   329 | D:1      | Found a staircase to the Ecumenical Temple.
   392 | D:1      | Reached XP level 3. HP: 28/34 MP: 2/2
   445 | D:1      | Reached XP level 4. HP: 41/41 MP: 3/3
   774 | D:1      | Reached skill level 5 in Fighting
   774 | D:1      | Reached skill level 5 in Axes
   774 | D:1      | Reached XP level 5. HP: 50/50 MP: 4/4
   775 | D:1      | Reached ** piety under Trog
   841 | D:2      | Noticed a troll
   844 | D:2      | Slain by a troll

Skill      XL: |  1  2  3  4 |
---------------+-------------+-----
Fighting       | 4 5 |  5.8
Axes           | 4 5 |  5.7
Armour         | 3 |  3.3
Dodging        | 3 |  3.0
Stealth        | |  0.2

Action                   |  1- 3 |  4- 6 || total
-------------------------+-------+-------++-------
Melee: Hand axe          |    13 |     6 ||    19
Invok: Berserk           |     1 |     1 ||     2
  Use: Scroll            |     4 |     2 ||     6
  Eat: Chunk             |       |     2 ||     2
Armor: Animal skin       |     1 |       ||     1
       Ring mail         |       |     1 ||     1
Dodge: Dodged            |     9 |     3 ||    12
